 Dungeon Crawl Stone Soup version 0.21.0-3-g78d12a8 (webtiles) character file.

1712434 sonofmahnush the Slayer (level 27, 152/175 HPs)
             Began as a Kobold Hunter on Jan 16, 2018.
             Was a High Priest of Okawaru.
             Escaped with the Orb
             ... and 3 runes on Jan 17, 2018!
             The game lasted 06:17:08 (65345 turns).

sonofmahnush the Slayer (Kobold Hunter)            Turns: 65345, Time: 06:17:08

Health: 152/175    AC: 35    Str: 11      XL:     27
Magic:  33/33      EV: 28    Int: 18 (19) God:    Okawaru [*****.]
Gold:   846        SH:  0    Dex: 22      Spells: 26/26 levels left

rFire    + + .     SeeInvis +   a - +8 arbalest (velocity)
rCold    . . .     Gourm    .   (shield currently unavailable)
rNeg     . . .     Faith    .   h - +1 fire dragon scales
rPois    .         Spirit   .   q - +3 crown of Dyrovepreva {rElec Int+2 SInv}
rElec    +         Reflect  .   G - +2 cloak {+Inv}
rCorr    .         Harm     .   r - +3 pair of gauntlets of War {Slay+5}
MR       ++...     Rnd*Rage +   X - +2 pair of boots {Stlth+}
Stlth    +++.......             t - amulet of regeneration
HPRegen  0.79/turn              F - ring of Robustness {AC+8}
MPRegen  0.23/turn              c - ring of protection from cold

@: no status effects
A: small, berserk 3, carnivore, clever 1, clumsy 1, deterioration 2, frail 1,
low mp 1, subdued magic 1, MP-powered wands
0: Orb of Zot
}: 3/15 runes: decaying, serpentine, abyssal
a: Heroism, Finesse, Renounce Religion, Evoke Invisibility


You escaped.
You worshipped Okawaru.
Okawaru was extremely pleased with you.
You were not hungry.

You visited 8 branches of the dungeon, and saw 45 of its levels.
You visited the Abyss 1 time.
You also visited: Ice Cave and Volcano.

You collected 4718 gold pieces.
You spent 3872 gold pieces at shops.

Inventory:

Hand Weapons
 a - a +8 arbalest of velocity (weapon)
 b - a +2 dagger of venom
 O - a +0 blowgun
Missiles
 n - 33 curare-tipped needles {!f}
 E - 1083 bolts (quivered)
Armour
 h - +1 fire dragon scales (worn)
 q - the +3 crown of Dyrovepreva (worn) {rElec Int+2 SInv}
   (You found it on level 2 of the Snake Pit)

   It affects your intelligence (+2).
   It insulates you from electricity.
   It lets you see invisible.
 r - the +3 pair of gauntlets of War (worn) {Slay+5}
   (You bought it in a shop on level 2 of the Orcish Mines)

   It affects your accuracy and damage with ranged weapons and melee attacks
   (+5).
 G - a +2 cloak of invisibility (worn)
 X - a +2 pair of boots of stealth (worn)
Jewellery
 c - a ring of protection from cold (right hand)
 t - an amulet of regeneration (around neck)
 F - the ring of Robustness (left hand) {AC+8}
   (You found it on level 15 of the Dungeon)

   [ring of protection]

   It affects your AC (+8).
 N - an uncursed ring of resist corrosion
 U - an uncursed ring of protection from fire
 Y - a +5 ring of evasion
Wands
 d - a wand of iceblast (26)
 g - a wand of acid (9)
 j - a wand of clouds (5)
 s - a wand of paralysis (9)
 w - a wand of digging (44)
 x - a wand of scattershot (7)
Scrolls
 i - 9 scrolls of teleportation
 k - 2 scrolls of magic mapping
 l - 7 scrolls of blinking
 B - 2 scrolls of fear
 D - 15 scrolls of identify
 L - 13 scrolls of remove curse
 R - 2 scrolls of vulnerability
 S - 3 scrolls of silence
 W - 2 scrolls of summoning
Potions
 m - 2 potions of magic
 o - 3 potions of berserk rage
 u - a potion of resistance
 v - 5 potions of mutation
 z - 3 potions of invisibility
 A - 10 potions of flight
 C - 3 potions of agility
 I - 2 potions of ambrosia
 K - 5 potions of might
 V - 5 potions of curing
 Z - a potion of cancellation
Miscellaneous
 e - a lamp of fire
 p - a phial of floods
 M - a lightning rod (4/4)
 P - 2 sacks of spiders
Comestibles
 f - 70 rations


   Skills:
 + Level 25.8 Fighting
 - Level 12.1 Short Blades
 - Level 18.0 Crossbows
 - Level 11.0 Armour
 + Level 24.1 Dodging
 * Level 25.8 Stealth
 - Level 9.0 Invocations
 - Level 19.4 Evocations


You had 26 spell levels left.
You didn't know any spells.

Dungeon Overview and Level Annotations

Branches:
Dungeon (15/15)            Temple (0/1) D:7            Lair (6/6) D:10
  Swamp (4/4) Lair:2        Snake (4/4) Lair:4        Slime (0/5) Lair:5
    Orc (2/2) D:12            Elf (0/3) Orc:2        Vaults (4/5) D:13
  Crypt (0/3) Vaults:3     Depths (5/5) D:15            Zot (5/5) Depths:5

Altars:
Ashenzari
Cheibriados
Elyvilon
Kikubaaqudgha
Makhleb
Nemelex Xobeh
Okawaru
Vehumet
Xom
Beogh

Shops:
D:15 ?   Orc:1 =   Orc:2 !:[[   Snake:3 =   Vaults:1 ?   Depths:2 =}}
Depths:3 *:%

Portals:
Hell: Depths:1 Depths:2 Depths:3 Depths:4 Depths:5
Abyss: Depths:3 Depths:4
Pandemonium: Depths:2 Depths:3
Ziggurat: Depths:4
Trove: D:11 (give 17 potions of curing)

Annotations:
D:4 Sigmund
Lair:5 exclusion: oklob plant, Rupert
Swamp:3 1 runed door
Depths:3 exclusion: upstairs
Zot:3 2 transporters


Innate Abilities, Weirdness & Mutations

You are small and have problems with some larger weapons.
You are carnivorous and can eat meat at any time.
You have an uncontrollable temper.
Your mind is acute. (Int +2)
You are clumsy. (Dex -2)
Your body often deteriorates upon taking damage.
You are frail. (-10% HP)
Your magical capacity is low. (-10% MP)
Your spells are a little easier to cast, but a little less powerful.
You expend magic power (3 MP) to strengthen your wands.


Message History

The rock shatters into small pieces.
The blizzard demon gestures at you. The bolt of cold hits you!
The blizzard demon gestures at you. The freezing blast misses you.
You are engulfed in freezing vapours.
You are engulfed in freezing vapours.
The blizzard demon is engulfed in freezing vapours.
You are engulfed in freezing vapours.
The blizzard demon is engulfed in freezing vapours.
The blizzard demon waves its arms in wide circles.
The air twists around and strikes you!
Evoke which item? (* to show all) (? for menu, Esc to quit)
Aiming: Dig
Press: ? - help, Shift-Dir - straight line The rock shatters into small pieces.
The blizzard demon gestures at you. The bolt of lightning misses you.
There is a staircase leading out of the dungeon here.
You have escaped!

........#
#.#.#.#
........#
#.#.#.#
........#
#.#.#2#
....#####
#.#.#.#
#####
#.#.#.#
#.#.#.#
#.#.#.#
#.#.#.#
#...#@#
#######


You could see a blizzard demon.

Vanquished Creatures
  3 orbs of fire
  Mara (Snake:3)
  2 ancient liches
  A juggernaut (Abyss:3)
  the Lernaean hydra (Swamp:4)
  Frederick (Vaults:4)
  Bai Suzhen (Vaults:4)
  Margery (Vaults:4)
  A Killer Klown (Zot:5)
  5 caustic shrikes
  Nikola (Swamp:1)
  Jory (Depths:5)
  9 golden dragons
  2 bone dragons (Depths:4)
  5 electric golems
  10 tentacled monstrosities
  A Hell Sentinel (Depths:3)
  20 Orb Guardians
  4 quicksilver dragons
  4 liches
  2 sphinxes (Depths:3)
  An Executioner (D:1)
  A titan (Depths:3)
  8 death cobs
  An ancient champion (Vaults:3)
  2 tentacled starspawn (Abyss:3)
  3 thorn hunters (Swamp:3)
  A tengu reaver (Depths:4)
  6 shadow dragons
  The ghost of ShadedKnight the Warrior, an adept VSFi of the Shining One (Vaults:2)
  15 storm dragons
  Kirke (Lair:6)
  5 nagarajas
  7 frost giants
  A ghost moth (Zot:2)
  11 draconian monks
  A deep elf sorcerer (Vaults:3)
  4 fire giants
  3 iron dragons
  6 draconian knights
  3 draconian scorchers
  Louise (Depths:3)
  An orc warlord (Orc:2)
  13 vault wardens
  A cacodemon (Abyss:3)
  Aizul (Snake:3)
  A deep elf elementalist (Depths:3)
  An angel (Abyss:3)
  8 draconian shifters
  13 ironheart preservers
  13 very ugly things
  5 draconian stormcallers
  16 stone giants
  8 draconian annihilators
  An entropy weaver (shapeshifter) (Depths:4)
  2 ophanim (Abyss:3)
  A spriggan defender (Depths:4)
  12 green draconians
  2 entropy weavers (Lair:6)
  3 vampire knights
  3 deep elf annihilators
  5 deep elf demonologists
  9 black draconians
  Azrael (Orc:2)
  Nessos (Lair:4)
  3 lorocyprocas
  10 purple draconians
  9 spark wasps
  7 white draconians
  13 yellow draconians
  11 red draconians
  A blizzard demon (D:2)
  9 ettins
  A deep elf death mage (Vaults:1)
  3 jiangshi
  14 fire dragons
  7 yaktaur captains
  A monstrous demonspawn (Depths:2)
  2 rakshasas
  13 hydras
  11 ice dragons
  8 great orbs of eyes
  9 vault guards
  20 naga warriors
  Erolcha (D:11)
  5 spriggan air magi
  8 alligators
  8 centaur warriors
  A ghost crab (Swamp:4)
  16 anacondas
  38 two-headed ogres
  3 death knights
  2 dancing weapons (Abyss:3)
  3 hell hogs (Abyss:3)
  12 tengu warriors
  15 ogre magi
  2 deep troll earth magi
  11 deep troll shamans
  9 death yaks
  An orc high priest (Orc:1)
  A queen ant (Lair:6)
  A death yak (shapeshifter) (Depths:5)
  16 naga sharpshooters
  5 spriggan berserkers
  15 hell knights
  3 vampire magi
  8 shock serpents
  A thrashing horror (Abyss:2)
  Sonja (Lair:4)
  A soul eater (Depths:3)
  3 wretched stars
  9 deep elf knights
  2 sun demons
  12 large abominations
  A fire crab (shapeshifter) (Depths:4)
  2 storm dragon skeletons
  4 skeletal warriors (Vaults:1)
  2 cherubim (Abyss:3)
  An infernal demonspawn (Depths:2)
  An unseen horror (shapeshifter) (Depths:3)
  4 unseen horrors
  12 iron trolls
  A spark wasp zombie (Depths:4)
  2 spatial maelstroms (Abyss:3)
  2 shadow wraiths
  3 glowing orange brains
  25 deep trolls
  A death drake (shapeshifter) (Vaults:4)
  13 swamp dragons
  A shambling mangrove (Swamp:3)
  A deep troll (shapeshifter) (D:15)
  12 orc knights
  6 deep elf archers
  14 naga ritualists
  A flayed ghost (Depths:3)
  A phantasmal warrior (Vaults:3)
  10 ironbrand convokers
  An iron dragon zombie (Abyss:2)
  7 wizards
  9 necromancers
  4 wolf spiders
  12 orc sorcerers
  14 deep elf magi
  9 mana vipers
  A moth of wrath (shapeshifter) (Vaults:4)
  24 ugly things
  2 manticores (D:15)
  24 slime creatures
  8 salamanders
  9 cyclopes
  A fire giant zombie (Vaults:3)
  A salamander (shapeshifter) (Vaults:3)
  5 guardian serpents
  31 moths of wrath
  A fire giant skeleton (Depths:4)
  2 elephants (shapeshifter)
  15 elephants
  18 vault sentinels
  A black mamba (shapeshifter) (D:15)
  43 black mambas
  2 rust devils
  30 naga magi
  9 smoke demons
  3 spiny frogs (shapeshifter)
  A titan simulacrum (Depths:4)
  An apocalypse crab (Abyss:3)
  4 orange demons
  3 gargoyles
  An eye of devastation (shapeshifter) (Vaults:4)
  Psyche (D:9)
  A hellion (Depths:3)
  12 spiny frogs
  4 komodo dragons
  5 freezing wraiths
  A komodo dragon (shapeshifter) (Vaults:4)
  2 kobold demonologists (Swamp:3)
  2 tormentors
  2 rime drakes
  37 yaktaurs
  2 efreet
  A hellwing (Depths:3)
  An ice devil (Abyss:3)
  5 ancient zymes
  10 trolls
  A yaktaur skeleton (Vaults:3)
  4 tyrant leeches
  A jumping spider (shapeshifter) (Vaults:2)
  A queen bee (shapeshifter) (D:15)
  23 hornets
  6 tengu conjurers
  5 polar bears (Lair:6)
  2 hornets (shapeshifter)
  27 blink frogs
  5 bog bodies
  3 raiju (Abyss:3)
  A hippogriff (shapeshifter) (Depths:4)
  6 hippogriffs
  7 dream sheep (Lair:6)
  An ettin zombie (Vaults:4)
  A meliai zombie (D:10)
  12 air elementals
  6 flying skulls (Abyss:3)
  6 ynoxinuls
  34 yaks
  4 shadows
  A spriggan simulacrum (Depths:4)
  3 wyverns
  6 wraiths
  4 water elementals
  4 fire elementals
  27 spriggans
  3 vampires
  A hog (Lair:6)
  3 chaos spawn (Abyss:3)
  17 vampire mosquitoes
  4 neqoxecs
  28 soldier ants
  11 wargs
  4 insubstantial wisps (Swamp:3)
  13 swamp worms
  An acid dragon (Vaults:2)
  51 nagas
  3 spatial vortices
  8 water moccasins
  2 hell hounds (Orc:2)
  3 black bears (Lair:6)
  9 porcupines
  12 swamp drakes
  2 eyes of draining
  9 ice beasts
  38 orc warriors
  5 sky beasts
  3 necrophages
  34 ogres
  31 wolves
  3 phantoms
  23 boggarts
  20 centaurs
  12 crocodiles
  2 human zombies (Vaults:4)
  8 big kobolds
  23 bullfrogs
  6 small abominations (Abyss:3)
  6 gnoll sergeants
  2 human skeletons (Vaults:3)
  A wyvern skeleton (D:13)
  4 scorpions
  3 killer bees (D:10)
  6 wights
  7 howler monkeys
  8 crimson imps
  18 starcursed masses
  A bullfrog zombie (D:12)
  3 centaur zombies
  8 quasits
  20 orc priests
  A hound (shapeshifter) (Depths:2)
  6 hounds
  3 jellies
  34 orc wizards
  4 bullfrog skeletons
  4 centaur skeletons
  5 iguanas
  6 iron imps
  Jessica (D:3)
  A gnoll shaman (Orc:1)
  Natasha (thrice) (D:3)
  28 worker ants
  A killer bee zombie (D:5)
  3 hound skeletons
  13 gnolls
  22 adders
  3 shadow imps
  2 white imps
  An ufetubus (Depths:4)
  3 adder zombies (D:8)
  An ooze (D:2)
  2 dart slugs
  4 worms
  3 leopard geckos
  83 orcs
  4 giant cockroaches
  4 goblins
  12 hobgoblins
  5 jackals
  29 kobolds
  6 quokkas
  A ball python skeleton (D:5)
  8 bats
  5 frilled lizards
  4 rats
  A fungus (Lair:4)
  A starspawn tentacle (Abyss:3)
2143 creatures vanquished.

Vanquished Creatures (collateral kills)
  A tentacled monstrosity (Depths:5)
  A death cob (Zot:5)
  A very ugly thing (Depths:5)
  An ettin (Depths:5)
  A fire dragon (Depths:5)
  An ice dragon (Depths:5)
  A spriggan air mage (Depths:5)
  3 deep troll earth magi (Depths:5)
  5 deep trolls (Depths:5)
  An air elemental (Depths:5)
16 creatures vanquished.

Vanquished Creatures (others)
  A tengu reaver (Depths:1)
  A draconian knight (Zot:3)
  A stone giant (Depths:1)
  A red draconian (Zot:2)
  A spriggan air mage (Depths:3)
  An alligator (Swamp:4)
  A deep elf mage (Vaults:3)
  A naga mage (Snake:4)
  2 yaktaurs (Vaults:3)
  A tyrant leech (Swamp:1)
  An air elemental (Depths:5)
  5 bushes (Lair:6)
  25 fungi
  A lurking horror (Abyss:3)
  34 plants
  4 starspawn tentacles (Abyss:3)
81 creatures vanquished.

Grand Total: 2240 creatures vanquished

Notes
Turn   | Place    | Note
-------+----------+-------------------------------------------
     0 | D:1      | sonofmahnush the Kobold Hunter began the quest for the Orb.
     0 | D:1      | Reached XP level 1. HP: 12/12 MP: 1/1
   114 | D:1      | Reached skill level 1 in Short Blades
   229 | D:1      | Reached XP level 2. HP: 18/18 MP: 2/2
   236 | D:1      | Reached skill level 5 in Crossbows
   541 | D:1      | Reached XP level 3. HP: 22/22 MP: 3/3
   873 | D:2      | Reached XP level 4. HP: 27/27 MP: 4/4
  1561 | D:2      | Reached XP level 5. HP: 32/32 MP: 5/5
  1824 | D:3      | Noticed Natasha
  1828 | D:3      | Killed Natasha
  1979 | D:3      | Noticed Jessica
  1982 | D:3      | Killed Jessica
  2254 | D:3      | Noticed Natasha
  2257 | D:3      | Killed Natasha
  2257 | D:3      | Reached XP level 6. HP: 32/38 MP: 6/6
  2449 | D:3      | Noticed Natasha
  2458 | D:3      | Killed Natasha
  2458 | D:3      | Reached skill level 5 in Short Blades
  2805 | D:4      | Noticed an ogre
  2930 | D:4      | Noticed Sigmund
  2956 | D:4      | Found a white marble altar of Elyvilon.
  2959 | D:4      | Became a worshipper of Elyvilon the Healer
  3007 | D:4      | Noticed an ogre
  3015 | D:4      | Killed an ogre
  3026 | D:4      | Reached XP level 7. HP: 29/43 MP: 7/7
  3385 | D:4      | Noticed a hippogriff
  3389 | D:4      | Killed a hippogriff
  3389 | D:4      | Reached XP level 8. HP: 48/48 MP: 8/8
  3519 | D:4      | Reached skill level 5 in Fighting
  3544 | D:5      | Entered Level 5 of the Dungeon
  3552 | D:5      | Got a faintly glowing scale mail
  3613 | D:5      | Found an iron altar of Okawaru.
  3625 | D:5      | Reached * piety under Elyvilon
  3642 | D:5      | Fell from the grace of Elyvilon
  3642 | D:5      | Became a worshipper of Warmaster Okawaru
  4718 | D:5      | Reached * piety under Okawaru
  4780 | D:5      | Identified the cursed +0 scale mail of Servitude {rElec rF- MR++ Int+2} (You found it on level 5 of the Dungeon)
  5487 | D:6      | Reached XP level 9. HP: 55/55 MP: 9/9
  5639 | D:6      | Found a snail-covered altar of Cheibriados.
  6583 | D:7      | Reached skill level 10 in Short Blades
  6712 | D:7      | Found a staircase to the Ecumenical Temple.
  6744 | D:7      | Reached ** piety under Okawaru
  6894 | D:7      | Got a bloodstained arbalest
  6895 | D:7      | Identified the cursed +1 arbalest "Saboheg" {speed, *Slow rC+++ Int+4 Dex-5} (You found it on level 7 of the Dungeon)
  7435 | D:8      | Reached XP level 10. HP: 63/63 MP: 7/10
  7441 | D:8      | Reached skill level 10 in Crossbows
  7441 | D:8      | Reached skill level 5 in Dodging
  7538 | D:8      | Reached skill level 1 in Invocations
  8001 | D:9      | Noticed Psyche
  8010 | D:9      | Killed Psyche
  8203 | D:9      | Found a burning altar of Makhleb.
  8225 | D:9      | Reached *** piety under Okawaru
  8228 | D:9      | Received a gift from Okawaru
  8859 | D:10     | Entered Level 10 of the Dungeon
  9278 | D:10     | Reached skill level 1 in Evocations
  9743 | D:10     | Found a staircase to the Lair.
 10336 | D:10     | Reached XP level 11. HP: 43/69 MP: 13/13
 10553 | D:10     | Noticed a two-headed ogre
 10763 | Lair:1   | Entered Level 1 of the Lair of Beasts
 10970 | Lair:1   | Reached **** piety under Okawaru
 11052 | Lair:1   | Reached skill level 5 in Evocations
 11581 | Lair:2   | Found a staircase to the Swamp.
 11604 | Lair:2   | Found a dark tunnel.
 11622 | Volcano  | Entered a volcano
 13385 | Lair:4   | Found a staircase to the Snake Pit.
 13500 | Lair:4   | Reached ***** piety under Okawaru
 13500 | Lair:4   | Reached XP level 12. HP: 67/76 MP: 17/17
 13526 | Lair:4   | Noticed Nessos
 13651 | Lair:4   | Noticed Sonja
 13658 | Lair:4   | Killed Sonja
 13685 | Lair:4   | Reached skill level 10 in Fighting
 13690 | Lair:4   | Found a frozen archway.
 13737 | IceCv    | Entered an ice cave
 13757 | IceCv    | Received a gift from Okawaru
 13888 | Lair:4   | Killed Nessos
 13888 | Lair:4   | Received a gift from Okawaru
 13927 | Lair:4   | Received a gift from Okawaru
 13952 | Lair:4   | Got a dazzling cloak {god gift}
 13963 | Lair:4   | Identified the +1 cloak "Sum Lusi" {*Slow MR- Str+2 Int+5} (Okawaru gifted it to you on level 4 of the Lair of Beasts)
 14812 | Lair:5   | Reached skill level 10 in Dodging
 14992 | Lair:5   | Reached XP level 13. HP: 81/83 MP: 20/20
 15033 | Lair:5   | Reached skill level 5 in Invocations
 15195 | Lair:5   | Noticed Rupert
 15256 | Lair:5   | Found a staircase to the Slime Pits.
 15311 | Lair:6   | Entered Level 6 of the Lair of Beasts
 16277 | Lair:6   | Received a gift from Okawaru
 16286 | Lair:6   | Noticed an eight-headed hydra
 16295 | Lair:6   | Killed an eight-headed hydra
 16680 | Lair:6   | Noticed an entropy weaver
 16687 | Lair:6   | Noticed Kirke
 16918 | Lair:6   | Noticed an entropy weaver
 17499 | D:11     | Reached XP level 14. HP: 91/91 MP: 18/21
 17598 | D:11     | Found a portal to a secret trove of treasure.
 17856 | D:11     | Noticed Erolcha
 18109 | D:11     | Killed Erolcha
 18109 | D:11     | Received a gift from Okawaru
 18391 | D:12     | Reached skill level 10 in Evocations
 18936 | D:12     | Found a staircase to the Orcish Mines.
 19421 | Orc:1    | Entered Level 1 of the Orcish Mines
 19437 | Orc:1    | Received a gift from Okawaru
 19575 | Orc:1    | Reached skill level 15 in Crossbows
 19998 | Orc:2    | Entered Level 2 of the Orcish Mines
 20029 | Orc:2    | Found a staircase to the Elven Halls.
 20049 | Orc:2    | Noticed Azrael
 20058 | Orc:2    | Killed Azrael
 20281 | Orc:2    | Noticed an orc warlord
 20425 | Orc:2    | Killed an orc warlord
 20702 | Orc:2    | Found Famy's Antique Armour Shop.
 20710 | Orc:2    | Bought the +3 pair of gauntlets of War {Slay+5} for 902 gold pieces
 20710 | Orc:2    | Found the +3 pair of gauntlets of War {Slay+5}
 20765 | Orc:2    | Found Bohac's Distillery.
 20786 | Orc:2    | Bought a potion of heal wounds for 65 gold pieces
 20786 | Orc:2    | Bought a potion of heal wounds for 65 gold pieces
 20803 | Orc:2    | Found an ancient bone altar of Kikubaaqudgha.
 20844 | Orc:2    | Found Kigetek's Book Shop.
 20879 | Orc:2    | Found a roughly hewn altar of Beogh.
 20885 | Orc:2    | Received a gift from Okawaru
 20885 | Orc:2    | Reached XP level 15. HP: 97/97 MP: 20/23
 20908 | Orc:2    | Found a radiant altar of Vehumet.
 20945 | Orc:2    | Found Tytosas's Antique Armour Boutique.
 21343 | Orc:2    | Bought a potion of resistance for 130 gold pieces
 21343 | Orc:2    | Bought a potion of agility for 52 gold pieces
 21343 | Orc:2    | Bought a potion of curing for 39 gold pieces
 21343 | Orc:2    | Bought a potion of curing for 39 gold pieces
 21343 | Orc:2    | Bought a potion of agility for 52 gold pieces
 21343 | Orc:2    | Bought 2 potions of curing for 78 gold pieces
 21343 | Orc:2    | Bought 2 potions of curing for 78 gold pieces
 21741 | Lair:6   | Received a gift from Okawaru
 21913 | Lair:6   | Received a gift from Okawaru
 22092 | Lair:6   | Received a gift from Okawaru
 22093 | Lair:6   | Got a pair of brightly glowing boots {god gift}
 22126 | Lair:6   | Identified the +0 pair of boots of the Journeyman {rElec rN+++ Int-3 SInv} (Okawaru gifted it to you on level 6 of the Lair of Beasts)
 22757 | Lair:6   | Killed Kirke
 23489 | D:13     | Reached XP level 16. HP: 104/104 MP: 25/25
 23977 | D:13     | Received a gift from Okawaru
 24267 | D:13     | Found a gate to the Vaults.
 24537 | D:14     | Received a gift from Okawaru
 25021 | D:14     | Received a gift from Okawaru
 25199 | D:15     | Entered Level 15 of the Dungeon
 25333 | D:15     | Reached skill level 5 in Stealth
 25542 | D:15     | Received a gift from Okawaru
 25756 | D:15     | Found Wauw's Magic Scroll Shop.
 25760 | D:15     | Bought a scroll of teleportation for 51 gold pieces
 25760 | D:15     | Bought a scroll of teleportation for 51 gold pieces
 25760 | D:15     | Bought a scroll of blinking for 127 gold pieces
 25760 | D:15     | Bought a scroll of teleportation for 51 gold pieces
 25899 | D:15     | Received a gift from Okawaru
 26050 | D:15     | Received a gift from Okawaru
 26108 | D:15     | Noticed an iron dragon
 26373 | Snake:1  | Entered Level 1 of the Snake Pit
 26437 | Snake:1  | Reached XP level 17. HP: 112/112 MP: 23/26
 26441 | Snake:1  | Received a gift from Okawaru
 26714 | Snake:1  | Received a gift from Okawaru
 26973 | Snake:1  | Received a gift from Okawaru
 27114 | Snake:1  | Reached skill level 10 in Stealth
 27169 | Snake:1  | Received a gift from Okawaru
 27398 | Snake:1  | Received a gift from Okawaru
 27756 | Snake:2  | Received a gift from Okawaru
 27756 | Snake:2  | Reached skill level 15 in Fighting
 27821 | Snake:2  | Found the +3 crown of Dyrovepreva {rElec Int+2 SInv}
 27988 | Snake:2  | Received a gift from Okawaru
 28163 | Snake:2  | Reached skill level 15 in Dodging
 28197 | Snake:2  | Received a gift from Okawaru
 28460 | Snake:3  | Noticed Aizul
 28462 | Snake:3  | Reached skill level 1 in Armour
 28580 | Snake:3  | Found Diroagg's Jewellery Shoppe.
 28603 | Snake:3  | Received a gift from Okawaru
 28742 | Snake:3  | Reached ****** piety under Okawaru
 28930 | Snake:3  | Noticed Mara
 28949 | Snake:3  | Noticed sonofmahnush's illusion
 28977 | Snake:3  | Noticed sonofmahnush's illusion
 28984 | Snake:3  | Reached XP level 18. HP: 92/119 MP: 19/28
 29236 | Snake:3  | Noticed sonofmahnush's illusion
 29298 | Snake:3  | Killed Aizul
 29647 | Snake:3  | Noticed sonofmahnush's illusion
 29669 | Snake:3  | Noticed sonofmahnush's illusion
 30176 | Snake:3  | Killed Mara
 30416 | Snake:4  | Entered Level 4 of the Snake Pit
 30641 | Snake:4  | Reached skill level 5 in Armour
 30757 | Snake:4  | Received a gift from Okawaru
 30992 | Snake:4  | Received a gift from Okawaru
 31812 | Snake:4  | Reached XP level 19. HP: 125/125 MP: 26/30
 31839 | Snake:4  | Reached skill level 15 in Evocations
 32116 | Snake:4  | Got a serpentine rune of Zot
 32405 | Swamp:1  | Entered Level 1 of the Swamp
 32419 | Swamp:1  | Received a gift from Okawaru
 32698 | Swamp:1  | Noticed Nikola
 32712 | Swamp:1  | Killed Nikola
 33621 | Swamp:2  | Received a gift from Okawaru
 33902 | Swamp:3  | Received a gift from Okawaru
 34095 | Swamp:3  | Received a gift from Okawaru
 34194 | Swamp:3  | Found a runed door.
 34818 | Swamp:4  | Entered Level 4 of the Swamp
 34922 | Swamp:4  | Received a gift from Okawaru
 35058 | Swamp:4  | Identified a scroll of acquirement
 35060 | Swamp:4  | Got a transparent plate armour
 35318 | Swamp:4  | Found the +3 giant club "Skullcrusher" {speed, Str+7}
 35444 | Swamp:4  | Noticed the 27-headed Lernaean hydra
 35482 | Swamp:4  | Killed the 27-headed Lernaean hydra
 35482 | Swamp:4  | Reached XP level 20. HP: 133/133 MP: 24/31
 35632 | Swamp:4  | Got a decaying rune of Zot
 36429 | D:15     | Found a staircase to the Depths.
 36588 | D:15     | Found the ring of Robustness {AC+8}
 37072 | D:15     | Bought a scroll of fear for 59 gold pieces
 37072 | D:15     | Bought 2 scrolls of blinking for 255 gold pieces
 37170 | Vaults:1 | Entered Level 1 of the Vaults
 37471 | Vaults:1 | Noticed a Tzitzimitl
 37473 | Vaults:1 | Noticed a Hell Sentinel
 37883 | Vaults:1 | Found Faocineu's Magic Scroll Shoppe.
 37891 | Vaults:1 | Bought a scroll of enchant weapon for 75 gold pieces
 37891 | Vaults:1 | Bought a scroll of summoning for 95 gold pieces
 38106 | Vaults:1 | Received a gift from Okawaru
 38261 | Vaults:1 | Got a dazzling ring mail
 38272 | Vaults:1 | Identified the +0 ring mail "Wozeamp" {+Inv rC+ Str+5} (You found it on level 1 of the Vaults)
 38588 | Vaults:2 | Received a gift from Okawaru
 39260 | Vaults:2 | Reached XP level 21. HP: 120/140 MP: 33/33
 39334 | Vaults:2 | Found a shimmering altar of Xom.
 39364 | Vaults:2 | Noticed ShadedKnight's ghost (adept VSFi)
 39387 | Vaults:2 | Killed ShadedKnight's ghost
 39929 | Vaults:2 | Received a gift from Okawaru
 39986 | Vaults:2 | Got a scorched chain mail {god gift}
 39997 | Vaults:2 | Identified the +0 chain mail of Okawaru's Generosity {rN+ Str+2 Slay+3 Stlth+} (Okawaru gifted it to you on level 2 of the Vaults)
 40725 | Vaults:3 | Found a staircase to the Crypt.
 41305 | Vaults:3 | Received a gift from Okawaru
 41587 | Vaults:3 | Reached skill level 15 in Stealth
 41868 | Vaults:3 | Reached XP level 22. HP: 147/147 MP: 34/34
 41910 | Vaults:3 | Received a gift from Okawaru
 42417 | Vaults:4 | Noticed Margery
 42674 | Vaults:4 | Received a gift from Okawaru
 42923 | Vaults:4 | Noticed Bai Suzhen
 42939 | Vaults:4 | Killed Bai Suzhen
 42939 | Vaults:4 | Received a gift from Okawaru
 42998 | Vaults:4 | Noticed Frederick
 43017 | Vaults:4 | Killed Frederick
 43448 | Vaults:4 | Received a gift from Okawaru
 43616 | Vaults:4 | Killed Margery
 43628 | Vaults:4 | Received a gift from Okawaru
 44551 | Depths:1 | Entered Level 1 of the Depths
 44654 | Depths:1 | Found a shattered altar of Ashenzari.
 44723 | Depths:1 | Reached XP level 23. HP: 128/153 MP: 34/36
 45005 | Depths:1 | Reached skill level 10 in Armour
 45252 | Depths:1 | Found a gateway to Hell.
 46074 | Snake:3  | Bought a +5 ring of evasion for 990 gold pieces
 46765 | Depths:2 | Found a one-way gate leading to the halls of Pandemonium.
 47060 | Depths:2 | Found Aniaca's Jewellery Shoppe.
 47060 | Depths:2 | Found Doasoadd's Gadget Shop.
 47061 | Depths:2 | Found Cuup's Gadget Shop.
 47426 | Depths:3 | Found Paup's Food Shop.
 47474 | Depths:3 | Received a gift from Okawaru
 47482 | Depths:3 | Got a brightly glowing arbalest {god gift}
 47483 | Depths:3 | Identified the +9 arbalest "Fooprot" {flame, MR++ Dex-3} (Okawaru gifted it to you on level 3 of the Depths)
 47509 | Depths:3 | Found Ipuups's Book Emporium.
 47509 | Depths:3 | Found Egigyshott's General Store.
 47700 | Depths:3 | Found a one-way gate to the infinite horrors of the Abyss.
 47700 | Depths:3 | Noticed Louise
 48088 | Depths:3 | Killed Louise
 48998 | Depths:3 | Received a gift from Okawaru
 49019 | Depths:4 | Reached XP level 24. HP: 163/163 MP: 36/36
 49156 | Depths:4 | Noticed an ancient lich
 49162 | Depths:4 | Killed an ancient lich
 49225 | Depths:4 | Noticed a caustic shrike
 49232 | Depths:4 | Noticed a caustic shrike
 49233 | Depths:4 | Noticed a caustic shrike
 49234 | Depths:4 | Noticed a caustic shrike
 49253 | Depths:3 | Killed a caustic shrike
 49253 | Depths:3 | Received a gift from Okawaru
 49261 | Depths:3 | Killed a caustic shrike
 49803 | Depths:3 | Received a gift from Okawaru
 50266 | Depths:4 | Found a gateway to a ziggurat.
 50390 | Depths:4 | Noticed a caustic shrike
 50405 | Depths:4 | Killed a caustic shrike
 50532 | Depths:4 | Killed a caustic shrike
 50633 | Depths:4 | Killed a caustic shrike
 50633 | Depths:4 | Received a gift from Okawaru
 50831 | Depths:4 | Noticed a golden dragon
 50842 | Depths:4 | Killed a golden dragon
 50842 | Depths:4 | Received a gift from Okawaru
 51081 | Depths:4 | Found a sparkling altar of Nemelex Xobeh.
 51538 | Depths:4 | Reached XP level 25. HP: 172/172 MP: 36/36
 51553 | Depths:5 | Entered Level 5 of the Depths
 52446 | Depths:5 | Noticed Jory
 52454 | Depths:5 | Killed Jory
 52581 | Depths:5 | Received a gift from Okawaru
 52682 | Depths:5 | Found a gate to the Realm of Zot.
 53176 | Depths:4 | Voluntarily entered the Abyss.
 53608 | Abyss:3  | Found an iron altar of Okawaru.
 53608 | Abyss:3  | Found a blossoming altar of Fedhas.
 53608 | Abyss:3  | Found an ancient bone altar of Kikubaaqudgha.
 53608 | Abyss:3  | Found a shadowy altar of Dithmenos.
 53608 | Abyss:3  | Found an ornate altar of the Wu Jian Council.
 53608 | Abyss:3  | Found a basalt altar of Yredelemnul.
 53609 | Abyss:3  | Found an opulent altar of Gozag.
 53609 | Abyss:3  | Found a glowing golden altar of the Shining One.
 53609 | Abyss:3  | Found a glowing silver altar of Zin.
 53609 | Abyss:3  | Found a hazy altar of Hepliaklqana.
 53610 | Abyss:3  | Found a radiant altar of Vehumet.
 53612 | Abyss:3  | Found a white marble altar of Elyvilon.
 53612 | Abyss:3  | Found a bloodstained altar of Trog.
 53612 | Abyss:3  | Found a deep blue altar of Sif Muna.
 53614 | Abyss:3  | Found a burning altar of Makhleb.
 53614 | Abyss:3  | Found a snail-covered altar of Cheibriados.
 53614 | Abyss:3  | Found a shimmering altar of Xom.
 53614 | Abyss:3  | Found a hide-covered altar of Uskayaw.
 53616 | Abyss:3  | Found a sparkling altar of Nemelex Xobeh.
 53616 | Abyss:3  | Found a hide-covered altar of Uskayaw.
 53616 | Abyss:3  | Found a shattered altar of Ashenzari.
 53630 | Abyss:3  | Found an opulent altar of Gozag.
 53998 | Abyss:3  | Received a gift from Okawaru
 54062 | Abyss:3  | Gained mutation: Your mind is acute. (Int +2) [a neqoxec]
 54139 | Abyss:3  | Found a glowing golden altar of the Shining One.
 54145 | Abyss:3  | Reached XP level 26. HP: 180/180 MP: 33/36
 54180 | Abyss:3  | Noticed a juggernaut
 54207 | Abyss:3  | Killed a juggernaut
 54230 | Abyss:3  | Got an abyssal rune of Zot
 54375 | Abyss:3  | Gained mutation: Your spells are a little easier to cast, but a little less powerful. [a cacodemon]
 54568 | Depths:4 | Escaped the Abyss
 54823 | Orc:1    | Found Webruopp's Jewellery Shop.
 55228 | Zot:1    | Entered Level 1 of the Realm of Zot
 56024 | Zot:1    | Noticed an orb of fire
 56033 | Zot:1    | Killed an orb of fire
 56749 | Depths:2 | Bought a sack of spiders for 240 gold pieces
 56753 | Depths:2 | Bought a wand of acid (5) for 378 gold pieces
 57170 | Zot:2    | Received a gift from Okawaru
 57572 | Zot:2    | Received a gift from Okawaru
 57771 | Zot:2    | Received a gift from Okawaru
 57821 | Zot:2    | Received a gift from Okawaru
 58362 | Zot:2    | Received a gift from Okawaru
 58774 | Zot:2    | Reached XP level 27. HP: 189/189 MP: 36/36
 60548 | Zot:3    | Found a transporter.
 60549 | Zot:3    | Found the +0 mask of the Dragon {MR+ Slay+3 SInv}
 60721 | Zot:3    | Received a gift from Okawaru
 61576 | Zot:3    | Found a transporter.
 61928 | Zot:4    | Received a gift from Okawaru
 62430 | Zot:4    | Received a gift from Okawaru
 62899 | Zot:5    | Entered Level 5 of the Realm of Zot
 62918 | Zot:5    | Received a gift from Okawaru
 63272 | Zot:4    | Received a gift from Okawaru
 63740 | Zot:5    | Noticed an orb of fire
 63800 | Zot:5    | Gained mutation: You tend to lose your temper in combat. [an orb of fire]
 63805 | Zot:5    | Gained mutation: Your body sometimes deteriorates upon taking damage. [an orb of fire]
 63808 | Zot:5    | Killed an orb of fire
 63808 | Zot:5    | Received a gift from Okawaru
 63841 | Zot:5    | Noticed an orb of fire
 63845 | Zot:5    | Noticed an ancient lich
 63845 | Zot:5    | Gained mutation: You often lose your temper in combat. [an orb of fire]
 63851 | Zot:5    | Gained mutation: You have an uncontrollable temper. [an orb of fire]
 64135 | Zot:5    | Gained mutation: You are frail. (-10% HP) [an orb of fire]
 64139 | Zot:5    | Gained mutation: You expend magic power (3 MP) to strengthen your wands. [an orb of fire]
 64141 | Zot:5    | Gained mutation: You are clumsy. (Dex -2) [an orb of fire]
 64143 | Zot:5    | Killed an orb of fire
 64313 | Zot:5    | Killed an ancient lich
 64313 | Zot:5    | Received a gift from Okawaru
 64525 | Zot:5    | Got the Orb of Zot
 64649 | Zot:3    | Noticed Syzur the pandemonium lord
 65067 | D:9      | Gained mutation: Your magical capacity is low. (-10% MP) [a neqoxec]
 65130 | D:8      | Noticed Irphitim the pandemonium lord
 65183 | D:7      | Gained mutation: Your body often deteriorates upon taking damage. [a cacodemon]
 65345 | D:$      | Escaped with the Orb!

Skill      XL: |  1  2  3  4  5  6  7  8  9 10 11 12 13 14 15 16 17 18 19 20 21 22 23 24 25 26 27 |
---------------+----------------------------------------------------------------------------------+-----
Short Blades   | 1 2 3 4 6 7 9 10 12 | 12.1
Crossbows      | 5 6 8 9 10 11 12 14 15 17 18 | 18.0
Fighting       | 3 4 6 7 8 9 10 11 12 13 14 15 16 17 18 20 21 22 23 25 | 25.8
Dodging        | 4 6 8 10 11 12 13 14 15 16 17 18 19 20 21 22 24 | 24.1
Invocations    | 3 4 7 8 9 |  9.0
Evocations     | 3 7 9 11 12 13 14 15 17 18 19 | 19.4
Stealth        | 8 10 12 15 17 19 20 21 22 25 | 25.8
Armour         | 2 6 9 10 11 | 11.0

Action                   |  1- 3 |  4- 6 |  7- 9 | 10-12 | 13-15 | 16-18 | 19-21 | 22-24 | 25-27 || total
-------------------------+-------+-------+-------+-------+-------+-------+-------+-------+-------++-------
Melee: Short sword       |    32 |    81 |    99 |       |       |       |       |       |       ||   212
       Rapier            |       |       |    70 |   106 |    16 |       |       |       |       ||   192
       Dagger            |       |       |       |       |    85 |    60 |    77 |   101 |   325 ||   648
       Arbalest          |       |       |       |       |     1 |     1 |       |       |       ||     2
       Punch             |       |       |       |       |     2 |     1 |     1 |       |     4 ||     8
 Fire: Hand crossbow     |    37 |    64 |   201 |   265 |       |       |       |       |       ||   567
       Arbalest          |       |       |     2 |   342 |  1237 |  1209 |  1357 |  1214 |  1552 ||  6913
Throw: Stone             |     1 |    10 |     3 |       |       |       |       |       |       ||    14
       Throwing net      |       |       |       |       |       |       |       |     1 |     1 ||     2
Invok: Heroism           |       |       |     3 |    20 |    33 |    39 |    27 |    29 |    31 ||   182
       Finesse           |       |       |       |     1 |    12 |    18 |    13 |    10 |    12 ||    66
 Abil: Evoke Invisibilit |       |       |       |       |     4 |     4 |     9 |    10 |    17 ||    44
Evoke: Wand              |       |     2 |     8 |    21 |    48 |     5 |     7 |     5 |     5 ||   101
       Lightning rod     |       |       |       |     6 |    13 |    11 |    10 |     2 |     2 ||    44
       Lamp of fire      |       |       |       |       |       |       |       |     4 |     4 ||     8
       Phial of floods   |       |       |       |       |       |       |       |       |     3 ||     3
       Sack of spiders   |       |       |       |       |       |       |       |       |     3 ||     3
       Phantom mirror    |       |       |       |       |       |       |       |       |     1 ||     1
  Use: Scroll            |     3 |     6 |     7 |    14 |    22 |     5 |     6 |     8 |    14 ||    85
       Potion            |       |       |     3 |     4 |     1 |     6 |     5 |     4 |    32 ||    55
 Stab: Sleeping          |       |       |     1 |     1 |     1 |       |     7 |     9 |     8 ||    27
       Paralysed         |       |       |       |     1 |    11 |       |       |       |       ||    12
       Invisible         |       |       |       |       |    21 |    19 |    26 |    32 |   115 ||   213
       Distracted        |       |       |       |       |       |       |       |       |     1 ||     1
  Eat: Chunk             |     7 |     6 |    15 |    23 |    25 |    13 |    39 |    34 |    23 ||   185
       Ration            |       |       |       |       |       |     3 |       |       |    11 ||    14
Armor: Leather armour    |     5 |     8 |    24 |       |       |       |       |       |       ||    37
       Skin              |       |       |     2 |       |       |       |       |       |       ||     2
       Ring mail         |       |       |     1 |    54 |    84 |   147 |     5 |       |       ||   291
       Scale mail        |       |       |       |    17 |       |       |       |       |       ||    17
       Swamp dragon scal |       |       |       |       |       |       |   156 |   234 |    74 ||   464
       Fire dragon scale |       |       |       |       |       |       |       |       |   316 ||   316
Dodge: Dodged            |    22 |    43 |   103 |   245 |   360 |   559 |   641 |  1041 |  1240 ||  4254
